 Dungeon Crawl Stone Soup version 0.30-a0-862-g1aabd4f9c5 (webtiles) character file.

Game seed: 3800771814115596450

1571 cforsyth the Thaumaturge (level 8, -8/41 HPs)
             Began as a Deep Elf Earth Elementalist on Mar 10, 2023.
             Was a Follower of Vehumet.
             Mangled by Maggie
             ... wielding a +0 halberd
              (12 damage)
             ... on level 6 of the Dungeon.
             The game lasted 00:08:58 (5520 turns).

cforsyth the Thaumaturge (DEEE)                     Turns: 5520, Time: 00:08:58

Health: -8/41      AC:  5    Str:  5    XL:     8   Next: 59%
Magic:  30/33      EV: 12    Int: 23    God:    Vehumet [*.....]
Gold:   285        SH:  0    Dex: 15    Spells: 26/27 levels left

rFire   + . .      SeeInvis .    (no weapon)
rCold   . . .      Faith    .    (no shield)
rNeg    . . .      Spirit   .    I - +1 robe {rF+}
rPois   .          Reflect  .    (no helmet)
rElec   .          Rampage  .    f - +1 cloak
rCorr   .                        (no gloves)
Will    .....                    (no boots)
Stlth   ++                       i - amulet of the acrobat
HPRegen 0.26/turn                y - ring of magical power
MPRegen 0.23/turn                (no ring)

@: mesmerised
A: no striking features
a: Renounce Religion


You were on level 6 of the Dungeon.
You worshipped Vehumet.
Vehumet was aware of your devotion.
You visited 1 branch of the dungeon, and saw 6 of its levels.
You also visited: Sewer.

You collected 285 gold pieces.

Inventory:

Armour
 a - a +0 robe
 f - a +1 cloak (worn)
 I - a +1 robe of fire resistance (worn)
Jewellery
 i - an amulet of the acrobat (around neck)
 y - a ring of magical power (left hand)
 E - an amulet of regeneration
Wands
 h - a wand of light (3)
 p - a wand of mindburst (24)
 z - a wand of flame (15)
 H - a wand of polymorph (10)
Scrolls
 e - 2 scrolls of butterflies
 k - a scroll of torment {unknown}
 o - a scroll of immolation {unknown}
 s - 3 scrolls of fog {unknown}
 v - 2 scrolls of teleportation {unknown}
 x - 2 scrolls of brand weapon {unknown}
 A - a scroll of blinking {unknown}
 C - a scroll of vulnerability {unknown}
 D - 3 scrolls of identify
 F - a scroll of fear {unknown}
 G - a scroll of magic mapping
Potions
 b - a potion of magic
 c - 2 potions of heal wounds
 d - a potion of cancellation {unknown}
 g - 4 potions of lignification
 j - a potion of flight {unknown}
 l - a potion of brilliance {unknown}
 m - 5 potions of curing {unknown}
 n - 4 potions of haste {unknown}
 q - a potion of ambrosia {unknown}
 r - a potion of resistance {unknown}
 t - a potion of invisibility {unknown}
 u - a potion of mutation {unknown}
 w - 5 potions of might {unknown}
 B - a potion of attraction {unknown}


   Skills:
 - Level 2.4 Dodging
 - Level 2.4 Stealth
 + Level 10.4 Spellcasting
 - Level 1.1 Transmutations
 + Level 9.1 Earth Magic


You had 26 spell levels left.
You knew the following spells:

 Your Spells              Type           Power      Damage    Failure   Level
a - Sandblast             Erth           100%       2d20      1%          1

Your spell library contained the following spells:

 Spells                   Type           Power      Damage    Failure   Level
 Freeze                   Ice            48%        1d6       5%          1
 Passwall                 Tmut/Erth      29%        N/A       1%          2
 Stone Arrow              Conj/Erth      66%        3d11      2%          3
 Summon Small Mammal      Summ           48%        N/A       5%          1
 Petrify                  Tmut/Erth      35%        N/A       7%          4
 Call Canine Familiar     Summ           12%        N/A       16%         3
 Ozocubu's Armour         Ice            12%        N/A       16%         3
 Summon Guardian Golem    Hex/Summ       12%        N/A       16%         3
 Metabolic Englaciation   Hex/Ice        6%         N/A       83%         5
 Simulacrum               Ice/Necr       6%         N/A       100%        6


Dungeon Overview and Level Annotations

Branches:
Dungeon (6/15)              Sewer (visited)
 Temple: D:4-7

Altars:
Okawaru
Vehumet

Annotations:
D:3 Terence
D:6 Maggie


Message History

You can't see any susceptible monsters within range! (Use Z to cast anyway.)
A bullfrog comes into view.
The blast of sand hits Maggie.
Maggie is lightly wounded.
The bullfrog gives a loud, deep croak!
Maggie casts a spell.
Maggie attempts to bespell you!
You are mesmerised by Maggie!
Casting: Sandblast (safe; 1% risk of failure)
Confirm with . or Enter, or press ? or * to list all spells.
Aiming: Sandblast (safe; 1% risk of failure)
Press: ? - help, Shift-Dir - straight line, f/p - Maggie
Aim: Maggie, wielding a +0 halberd and wearing +0 steam dragon scales (lightly wounded, mesmerising, 85% to hit)
The blast of sand hits Maggie!
Maggie is heavily wounded.
Maggie points at you and mumbles some strange words.
The bolt of fire hits you! You resist.
Casting: Sandblast (safe; 1% risk of failure)
Confirm with . or Enter, or press ? or * to list all spells.
Aiming: Sandblast (safe; 1% risk of failure)
Press: ? - help, Shift-Dir - straight line, f/p - Maggie
Aim: Maggie, wielding a +0 halberd and wearing +0 steam dragon scales (heavily wounded, mesmerising, 85% to hit)
The blast of sand hits Maggie!!
Maggie is severely wounded.
Maggie points at you and mumbles some strange words.
The bolt of fire hits you! You resist.
Maggie hits you from afar with a +0 halberd!
* * * LOW HITPOINT WARNING * * *
Casting: Sandblast (safe; 1% risk of failure)
Confirm with . or Enter, or press ? or * to list all spells.
Aiming: Sandblast (safe; 1% risk of failure)
Press: ? - help, Shift-Dir - straight line, f/p - Maggie
Aim: Maggie, wielding a +0 halberd and wearing +0 steam dragon scales (severely wounded, mesmerising, 85% to hit)
The blast of sand hits Maggie!
Maggie is almost dead.
The bullfrog hits you.
* * * LOW HITPOINT WARNING * * *
The bullfrog barely misses you.
Maggie hits you from afar with a +0 halberd!
You die...

..... #.... #.#.>.. #.. . #...#..
..#'# ## .......####.#.#. ##.
............#.. ##..
...#......@####.# #...
..#......F......# #... #
#.#...!..@.# ##... # #.
#.#........# #.###
#.#.##.#........# ##...
###......#........# ####....
....#.............# #.#.....
..................# ##.#....#
....#.###.#.......#######..#...##
....#.............#.......#.###.#
....##.......######....#####...#.


You could see Maggie (mesmerising) and a bullfrog.

Vanquished Creatures
  Grinder (D:3)
  Sigmund (D:6)
  Edmund (D:5)
  A sky beast (D:6)
  A scorpion (D:6)
  2 howler monkeys
  4 hounds
  A jelly (D:5)
  2 gnoll boudas
  2 orc priests
  3 iguanas
  2 orc wizards
  A hell rat (Sewer)
  Robin (D:3)
  12 gnolls
  11 adders
  A river rat (Sewer)
  A shadow imp (D:3)
  4 white imps
  A worm (D:2)
  A dart slug (D:2)
  32 orcs
  5 bats
  6 endoplasms
  3 giant cockroaches
  16 goblins
  11 hobgoblins
  7 jackals
  6 kobolds
  5 quokkas
  10 ball pythons
  A frilled lizard (D:2)
  12 rats
168 creatures vanquished.

Notes
Turn   | Place    | Note
-------+----------+-------------------------------------------
     0 | D:1      | cforsyth the Deep Elf Earth Elementalist began the quest
                  | for the Orb.
     0 | D:1      | Reached XP level 1. HP: 10/10 MP: 6/6
   118 | D:1      | Reached XP level 2. HP: 15/15 MP: 4/8
   525 | D:1      | Reached skill level 4 in Spellcasting
   558 | D:1      | Reached XP level 3. HP: 19/19 MP: 8/10
  1294 | D:2      | Reached XP level 4. HP: 24/24 MP: 10/12
  1719 | D:3      | Reached skill level 5 in Spellcasting
  1773 | D:3      | Found a glowing drain.
  1783 | Sewer    | Entered a sewer
  1999 | Sewer    | Reached skill level 5 in Earth Magic
  1999 | Sewer    | Reached XP level 5. HP: 28/28 MP: 11/14
  2411 | D:3      | Noticed Grinder
  2415 | D:3      | Paralysed by Grinder for 4 turns
  2421 | D:3      | Killed Grinder
  2422 | D:3      | Reached skill level 6 in Spellcasting
  2422 | D:3      | Reached XP level 6. HP: 18/32 MP: 12/17
  2664 | D:3      | Noticed Terence
  2691 | D:3      | Noticed Robin
  2791 | D:3      | Killed Robin
  2861 | D:4      | Reached skill level 7 in Spellcasting
  3162 | D:4      | Identified the +0 robe of the Sky {rN+}
  3260 | D:4      | Found a radiant altar of Vehumet.
  3273 | D:4      | Became a worshipper of Vehumet
  3291 | D:4      | Identified the +1 buckler of Barnacled Awe {Harm rF++ rN+
                  | Dex-5}
  3341 | D:4      | Reached XP level 7. HP: 36/36 MP: 19/19
  3627 | D:4      | Identified the +1 cloak of the Charred God {Dex+4}
  3689 | D:5      | Entered Level 5 of the Dungeon
  3781 | D:5      | Found an iron altar of Okawaru.
  3787 | D:5      | Reached skill level 8 in Spellcasting
  3873 | D:5      | Reached * piety under Vehumet
  3873 | D:5      | Offered knowledge of Freeze by Vehumet.
  4588 | D:6      | Reached skill level 9 in Spellcasting
  4598 | D:6      | Reached XP level 8. HP: 41/41 MP: 23/23
  4699 | D:6      | Noticed Edmund
  4714 | D:5      | Killed Edmund
  4790 | D:6      | Noticed Sigmund
  5333 | D:6      | Reached skill level 10 in Spellcasting
  5405 | D:6      | Killed Sigmund
  5512 | D:6      | Noticed Maggie
  5520 | D:6      | Mangled by Maggie

Illustrated notes

Levels and vault maps discovered:
D:1:      dpeg_arrival_radiant, layout_basic
D:2:      layout_loops_ring
D:3:      layout_basic, portal_sewer_entry_e, uniq_robin, uniq_grinder,
          uniq_terence
D:4:      layout_loops_ring, vehumet_altar_wand_db, dk_noncrumbling_2
D:5:      layout_basic, mainiacjoe_overflow_24_doors
D:6:      nicolae_BIG_FREAKIN_CUBE, layout_basic,
          mainiacjoe_overflow_concentric_impassable, uniq_sigmund, uniq_maggie,
          uniq_edmund

Skill      XL: |  1  2  3  4  5  6  7  8 |
---------------+-------------------------+-----
Spellcasting   | 4 5 6 7 9 10 | 10.4
Earth Magic    | 4 5 6 7 9 |  9.1
Dodging        | |  2.4
Stealth        | |  2.4
Transmutations | |  1.1

Action                     |  1- 3 |  4- 6 |  7- 9 || total
---------------------------+-------+-------+-------++-------
  Melee: Unarmed           |     3 |       |       ||     3
   Cast: Sandblast         |    52 |    89 |    99 ||   240
    Use: Scroll            |       |     5 |       ||     5
 Armour: Robe              |     4 |     8 |     4 ||    16
  Dodge: Dodged            |    12 |    21 |    37 ||    70

Table legend: (Time is in decaauts)
 A = Elapsed time spent in this place.
 B = Non-inter-level travel time spent in this place.
 C = Inter-level travel time spent in this place.
 D = Time resting spent in this place.
 E = Time spent auto-exploring this place.
 F = Levels seen in this place.
 G = Mean time per level.
                   A        B        C        D        E       F      G
               +--------+--------+--------+--------+--------+-----+--------+
         Total |   5654 |   5438 |    216 |    411 |   3991 |   7 |  807.7 |
       Dungeon |   5364 |   5148 |    216 |    247 |   3929 |   6 |  894.0 |
         Sewer |    289 |    289 |      0 |    164 |     62 |   1 |  289.0 |
               +--------+--------+--------+--------+--------+-----+--------+

Top non-repeatable levels by time:
     D:5: 1139 daAuts
     D:3: 921 daAuts
     D:1: 900 daAuts
     D:4: 845 daAuts
     D:2: 821 daAuts
     D:6: 736 daAuts
   Sewer: 289 daAuts
